 Dungeon Crawl Stone Soup version 0.32-a0-571-gec57dfcd37 (webtiles) character file.

Game seed: 12777571444194652670

527 ytrimaz the Trooper (level 7, -3/57 (58) HPs)
             Began as a Coglin Fighter on Mar 1, 2024.
             Engulfed by a cloud of flame (21 damage)
             ... on level 5 of the Dungeon.
             The game lasted 00:02:59 (4281 turns).

ytrimaz the Trooper (Coglin Fighter)                Turns: 4281, Time: 00:02:59

HP:   -3/57 (58)    AC: 10    Str: 19    XL:     7   Next: 23%
MP:   7/7           EV:  9    Int:  7    God:
Gold: 245           SH:  0    Dex: 13    Spells: 6/6 levels left

rFire   . . .        a - +0 war axe (flame) {Ankhesenamen}
rCold   . . .        f - +0 hand axe {Ermengarde}
rNeg    . . .        b - +0 scale mail
rPois   .            (no helmet)
rElec   .            p - +2 cloak {Will+}
rCorr   .            (no gloves)
SInv    .            k - +0 pair of boots
Will    +....        (amulet unavailable) Stlth
                     (ring unavailable)
HPRegen 0.29/turn    (ring unavailable)
MPRegen 0.10/turn    (no gizmo)

%: no passive effects
@: lightly drained, revving
A: off-hand wielding, slow wielding, warmup strikes, no jewellery
a: Invent Gizmo


You were on level 5 of the Dungeon.
You visited 1 branch of the dungeon, and saw 5 of its levels.

You collected 245 gold pieces.


Innate Abilities, Weirdness & Mutations

You can wield a second weapon in your off-hand.
It takes a long time for you to wield or remove held weapons.
Your first few attacks do less damage.
You cannot equip rings or amulets.


   Skills:
 + Level 6.0 Fighting
 + Level 5.5 Axes
 - Level 2.6 Armour
 - Level 2.1 Shields


You had 6 spell levels left.
You didn't know any spells.
Your spell library contained the following spells:

 Spells                   Type           Power      Damage    Failure   Level
 Apportation              Tloc           0%         N/A       80%         1
 Call Imp                 Summ           0%         N/A       91%         2
 Jinxbite                 Hex            0%         N/A       91%         2
 Sublimation of Blood     Necr           0%         N/A       91%         2
 Alistair's Intoxication  Alch           0%         N/A       100%        5
 Summon Hydra             Summ           0%         N/A       100%        7

Inventory:

Hand Weapons
 a - a +0 war axe of flaming (weapon) {Ankhesenamen}
 f - a +0 hand axe (offhand) {Ermengarde}
   (You found it on level 1 of the Dungeon)
Armour
 b - a +0 scale mail (worn)
 c - a +0 buckler
 k - a +0 pair of boots (worn)
   (You found it on level 3 of the Dungeon)
 p - a +2 cloak of willpower (worn)
   (You took it off Crazy Yiuf on level 3 of the Dungeon)
Scrolls
 h - a scroll of enchant weapon
 i - 2 scrolls of revelation
 l - 2 scrolls of fog
 m - a scroll of amnesia
 n - 2 scrolls of teleportation
 o - a scroll of poison
 q - a scroll of summoning
Potions
 d - a potion of might
 e - a potion of lignification
 g - a potion of heal wounds
 j - a potion of curing {unknown}
 r - a potion of berserk rage {unknown}

Dungeon Overview and Level Annotations

Branches:
Dungeon (5/15) Zot: 25677
 Temple: D:4-7

Altars:
Sif Muna
Xom

#.##.##โ€ #####.....#..
##.##.##.........#.#..
......................
##.#...........#......
#.......#####.....#
#.......#####...###
+...........#.#...#
#ยง......###.#.###..
#โ—‹@.....# #.#.###..
......##....####'#......
...... #....# #........#
..... #....# #.........
##.# #....# #.......## #
###### ####'#....
#.##.#. #....#. #######


There were no monsters in sight!


Message History

The orc closely misses you.
You see here 2 potions of degeneration.
The orc shouts!
The orc closely misses you.
You slash the orc with your +0 war axe of flaming!
You burn the orc.
You kill the orc!
An orc comes into view. It is wielding a +0 club. ๐Ÿ˜• HP[+1]
You now have 56 max hp (+1).
Unknown command.
You hit the orc with your +0 hand axe. You hit the orc but do no damage.
You slash the orc with your +0 war axe of flaming!
You burn the orc.
You kill the orc!
You slash the orc with your +0 war axe of flaming!
You burn the orc.
You kill the orc!
Unknown command.
You closely miss the orc with your +0 war axe of flaming.
You hit the orc with your +0 hand axe. The orc hits you with a +0 club.
An orc comes into view. It is wielding a +0 club.
You barely miss the orc with your +0 hand axe.
You hit the orc with your +0 war axe of flaming.
You burn the orc.
The orc hits you but does no damage. ๐Ÿ˜• HP[-1]
You take 1 damage, and now have 53/56 hp.
You hit the orc with your +0 hand axe.
You kill the orc!
You barely miss the orc with your +0 war axe of flaming.
You closely miss the orc with your +0 hand axe.
The orc closely misses you.
Unknown command.
You closely miss the orc with your +0 war axe of flaming.
You slash the orc with your +0 hand axe!
You kill the orc! ๐Ÿ˜• HP[+1]
Items here: )))) [[ โ€ โ€ โ€ .
No target in view!
Found a stone staircase leading up. ๐Ÿ˜Ž HP[+2]
Your hp is fully restored (56).
You open the door.
There is an open door here.
As you open the door, it creaks loudly!
Found a stone staircase leading down.
You pick up a book of Party Tricks and begin reading...
You add the spells Apportation, Jinxbite and Alistair's Intoxication to your library.
You now have 245 gold pieces (gained 19).
There is a stone staircase leading down here.
You open the door.
There is an open door here.
You see here 5 stones.
You see here 5 stones.
Key pressed, stopping explore.
s - a scroll of identify Key pressed, stopping explore.
An adder comes into view.
The adder hisses angrily.
An adder is nearby!
An adder is nearby!
The adder bites you but does no damage.
You hit the adder with your +0 hand axe.
You slash the adder with your +0 war axe of flaming!
You burn the adder.
You kill the adder!
You now have 57 max hp (+1).
No target in view!
Unknown command.
You see here an adder corpse.
No target in view!
Unknown command.
As you read the scroll of identify, it crumbles to dust.
o - a scroll of poison ๐Ÿ˜Ž HP[+1]
Your hp is fully restored (57).
No target in view!
You see here an adder corpse.
s - a scroll labelled NULAOH VYICUSOE A hound comes into view.
The hound barks!
A hound is nearby!
As you read the scroll labelled NULAOH VYICUSOE, it crumbles to dust.
The creatures around you are filled with an inner flame!
It was a scroll of immolation.
Unknown command.
You miss the hound with your +0 war axe of flaming.
You hit the hound but do no damage. The hound bites you. ๐Ÿ˜• HP[-3]
You take 3 damage, and now have 54/57 hp.
You slash the hound with your +0 hand axe!
Flame seeps out of the hound.
You slash the hound with your +0 war axe of flaming!
You burn the hound.
The hound explodes!
The fiery explosion engulfs you!!!
Ouch! That really hurt!
* * * LOW HITPOINT WARNING * * *
You are engulfed in blazing flames.
You die...

Skill      XL: |  1  2  3  4  5  6  7 |
---------------+----------------------+-----
Fighting       | 4 5 6 |  6.0
Axes           | 4 5 |  5.5
Armour         | |  2.6
Shields        | |  2.1

Action                     |  1- 3 |  4- 6 |  7- 9 || total
---------------------------+-------+-------+-------++-------
  Melee: War axe           |    45 |    69 |    27 ||   141
         Hand axe          |    29 |    67 |    29 ||   125
    Use: Scroll            |     3 |     8 |     2 ||    13
         Potion            |     1 |     1 |       ||     2
 Armour: Scale mail        |    50 |    53 |    26 ||   129
  Dodge: Dodged            |    40 |    38 |    20 ||    98

Levels and vault maps discovered:
D:1:      kilobyte_arrival_exit_the_forest, layout_loops_cross, st_stairs_5
D:2:      layout_basic, nrook_campfire, uniq_jessica, uniq_sigmund
D:3:      layout_basic, basic_ecumenical_altar, uniq_crazy_yiuf_cottage,
          uniq_robin
D:4:      layout_basic, lemuel_blue_sif_altar, grunt_tough_drop
D:5:      minmay_razor_zed, layout_basic, xom_teletrap_fun,
          kennysheep_cross_bottleneck, kennysheep_generic_room_3

Notes
Turn   | Place    | Note
-------+----------+-------------------------------------------
     0 | D:1      | ytrimaz the Coglin Fighter began the quest for the Orb.
     0 | D:1      | Reached XP level 1. HP: 18/18 MP: 1/1
     0 | D:1      | magus.rc [v1.9.6]
   270 | D:1      | Reached XP level 2. HP: 19/24 MP: 2/2
   558 | D:1      | Reached XP level 3. HP: 29/29 MP: 3/3
   594 | D:1      | You pick up a book of Blood and begin reading...
   594 | D:1      | You add the spells Call Imp, Sublimation of Blood and
                  | Summon Hydra to your library.
  1312 | D:2      | Noticed Sigmund
  1321 | D:2      | Killed Sigmund
  1322 | D:2      | Reached skill level 4 in Fighting
  1322 | D:2      | Reached skill level 4 in Axes
  1322 | D:2      | Reached XP level 4. HP: 34/38 MP: 4/4
  1322 | D:2      | Reached XP level 5. HP: 38/43 MP: 5/5
  1415 | D:2      | Reached skill level 5 in Fighting
  1479 | D:2      | Noticed Jessica
  1486 | D:2      | Killed Jessica
  1487 | D:2      | Reached XP level 6. HP: 44/51 MP: 6/6
  2345 | D:3      | Noticed Robin
  2374 | D:3      | HP: 11/51 [gnoll/+0 spear (7)]
  2591 | D:3      | Found a faded altar of an unknown god.
  2676 | D:3      | Found a runed translucent door.
  2677 | D:3      | Noticed Crazy Yiuf
  2907 | D:3      | Killed Robin
  3111 | D:3      | Killed Crazy Yiuf
  3112 | D:3      | Reached skill level 5 in Axes
  3429 | D:4      | Reached XP level 7. HP: 56/56 MP: 7/7
  3943 | D:4      | Found a shimmering blue altar of Sif Muna.
  3968 | D:5      | Entered Level 5 of the Dungeon
  4073 | D:5      | Found a shimmering altar of Xom.
  4080 | D:5      | Reached skill level 6 in Fighting
  4158 | D:5      | You pick up a book of Party Tricks and begin reading...
  4158 | D:5      | You add the spells Apportation, Jinxbite and Alistair's
                  | Intoxication to your library.
  4281 | D:5      | Engulfed by a cloud of flame

Vanquished Creatures
  Sigmund (D:2)
  A bombardier beetle (D:4)
  2 hounds (D:5)
  A jelly (D:5)
  Crazy Yiuf (D:3)
  A sleepcap (D:4)
  Jessica (D:2)
  Robin (D:3)
  4 gnolls (D:3)
  5 adders
  2 ribbon worms
  2 dart slugs
  6 orcs
  5 ball pythons
  4 endoplasms
  5 giant cockroaches
  7 hobgoblins
  5 jackals (D:1)
  6 kobolds
  3 quokkas
  2 bats
  5 frilled lizards (D:1)
  15 goblins
  3 rats
88 creatures vanquished.

Table legend:
 A = Non-vault XP
 B = Vault XP
 C = Vault XP percentage of total XP
 D = Non-vault monster count
 E = Vault monster count
 F = Vault count percentage of total count
                 A         B        C        D         E       F
            +---------+---------+-------+---------+---------+-------
      Total |     440 |     356 |  44.7 |      66 |      22 |  25.0
            +---------+---------+-------+---------+---------+-------
        D:1 |      35 |       5 |  12.5 |      21 |       4 |  16.0
        D:2 |      44 |     268 |  85.9 |      11 |       2 |  15.4
        D:3 |     103 |      70 |  40.5 |      15 |      11 |  42.3
        D:4 |     101 |      13 |  11.4 |      10 |       5 |  33.3
        D:5 |     157 |       0 |   0.0 |       9 |       0 |   0.0
            +---------+---------+-------+---------+---------+-------

Skill      XL: |  1  2  3  4  5  6  7 |
---------------+----------------------+-----
Fighting       | 4 5 6 |  6.0
Axes           | 4 5 |  5.5
Armour         | |  2.6
Shields        | |  2.1

Action                     |  1- 3 |  4- 6 |  7- 9 || total
---------------------------+-------+-------+-------++-------
  Melee: War axe           |    45 |    69 |    27 ||   141
         Hand axe          |    29 |    67 |    29 ||   125
    Use: Scroll            |     3 |     8 |     2 ||    13
         Potion            |     1 |     1 |       ||     2
 Armour: Scale mail        |    50 |    53 |    26 ||   129
  Dodge: Dodged            |    40 |    38 |    20 ||    98

Illustrated notes

Table legend:
 A = Kills in this place as a percentage of kills in the entire game.
 B = Kills by you in this place as a percentage of kills by you in the entire game.
 C = Kills by friends in this place as a percentage of kills by friends in the entire game.
 D = Other kills in this place as a percentage of other kills in the entire game.
 E = Experience gained in this place as a percentage of experience gained in the entire game.
 F = Experience gained in this place divided by the number of levels of this place that you have seen.
                   A       B       C       D       E      F
               +-------+-------+-------+-------+-------+----------------------
         Total | 100.0 | 100.0 |   N/A |   N/A | 100.0 | 159.2
       Dungeon | 100.0 | 100.0 |   N/A |   N/A | 100.0 | 159.2
               +-------+-------+-------+-------+-------+----------------------

Table legend: (Time is in decaauts)
 A = Elapsed time spent in this place.
 B = Non-inter-level travel time spent in this place.
 C = Inter-level travel time spent in this place.
 D = Time resting spent in this place.
 E = Time spent auto-exploring this place.
 F = Levels seen in this place.
 G = Mean time per level.
                   A        B        C        D        E       F      G
               +--------+--------+--------+--------+--------+-----+--------+
         Total |   4323 |   4185 |    138 |     96 |   3496 |   5 |  864.6 |
       Dungeon |   4323 |   4185 |    138 |     96 |   3496 |   5 |  864.6 |
               +--------+--------+--------+--------+--------+-----+--------+

Top non-repeatable levels by time:
     D:2: 1288 daAuts
     D:3: 989 daAuts
     D:1: 906 daAuts
     D:4: 824 daAuts
     D:5: 314 daAuts
